 Dungeon Crawl Stone Soup version 0.27-a0-860-gaf99fae3ca (webtiles) character file.

Game seed: 9501067031823590039

32 Hot the Slasher (level 3, 0/33 HPs)
             Began as a Minotaur Berserker on Apr 1, 2021.
             Was a Follower of Trog.
             Slain by a gnoll
             ... wielding a +0 halberd
              (12 damage)
             ... on level 2 of the Dungeon.
             The game lasted 00:03:23 (1166 turns).

Hot the Slasher (Minotaur Berserker)                Turns: 1166, Time: 00:03:24

Health: 0/33       AC:  3    Str: 21    XL:     3   Next: 10%
Magic:  2/2        EV: 12    Int:  4    God:    Trog [*.....]
Gold:   95         SH:  0    Dex: 10    Spells: 2/2 levels left

rFire    . . .     SeeInvis .   a - +0 falchion
rCold    . . .     Faith    .   (no shield)
rNeg     . . .     Spirit   .   f - +0 leather armour
rPois    .         Reflect  .   (helmet restricted)
rElec    .         Harm     .   (no cloak)
rCorr    .         Rampage  .   (no gloves)
Will     ++...                  (no boots)
Stlth    +.........             (no amulet)
HPRegen  1.11/turn              (no ring)
MPRegen  0.08/turn              (no ring)

@: regenerating
A: horns 2, retaliatory headbutt
a: Renounce Religion, Berserk


You were on level 2 of the Dungeon.
You worshipped Trog.
Trog was aware of your devotion.
You visited 1 branch of the dungeon, and saw 2 of its levels.

You collected 95 gold pieces.

Inventory:

Hand Weapons
 a - a +0 falchion (weapon)
Armour
 f - a +0 leather armour (worn)
Scrolls
 b - a scroll of noise {unknown}
 c - a scroll of fear {unknown}
 e - a scroll of enchant weapon {unknown}
Potions
 d - a potion of mutation {unknown}


   Skills:
 + Level 4.2 Fighting
 + Level 4.3 Long Blades
 + Level 2.6 Armour
 + Level 2.3 Dodging
 + Level 0.2 Stealth


You had 2 spell levels left.
You didn't know any spells.
Your spell library was empty.

Dungeon Overview and Level Annotations

Branches:
Dungeon (2/15)

Altars:

Shops:
D:1 (


Innate Abilities, Weirdness & Mutations

You have a pair of horns on your head.
You reflexively headbutt those who attack you in melee.


Message History

Found an escape hatch in the ceiling.
You now have 84 gold pieces (gained 10).
b - a scroll labelled UTHAGH VAIC You now have 95 gold pieces (gained 11). 3 gnolls come into view.
The gnoll shouts! x2
A gnoll comes into view. It is wielding a +5 club.
The gnoll shouts!
The gnoll hits you with a +0 halberd!
You see here 15 gold pieces.
You hit the gnoll but do no damage.
Your skin crawls.
You feel strong-willed.
You can no longer call upon Trog for regeneration and willpower.
The gnoll barely misses you. The gnoll closely misses you.
You hit the gnoll but do no damage. The gnoll barely misses you.
You riposte.
You barely miss the gnoll. The gnoll closely misses you.
The gnoll barely misses you.
You hit the gnoll.
The gnoll is lightly wounded.
The gnoll misses you.
You riposte.
You barely miss the gnoll. Your headbutt misses the gnoll.
The gnoll is lightly wounded.
The gnoll barely misses you. The gnoll misses you.
You barely miss the gnoll. You headbutt the gnoll!
The gnoll is severely wounded.
The gnoll hits you from afar with a +0 halberd!
The gnoll barely misses you.
You hit the gnoll.
The gnoll is severely wounded.
The gnoll closely misses you.
You riposte.
You hit the gnoll.
The gnoll is almost dead.
The gnoll hits you from afar with a +0 halberd.
The gnoll barely misses you.
You slash the gnoll!
You kill the gnoll!
Trog accepts your kill. The gnoll closely misses you.
The gnoll hits you from afar with a +0 halberd!
You die...

################
#..............#
#.############.#
#.....# #.# ########.#
#.# .........######
#.# #######........
#.# ########........
#.# ....gg.@........
#.# .....g.)..##...#
#.#####
..........##...#
#......
..........##...#
#.#.###
.........###...# #.#.#
....####.###...###.#.#
.... #.##....##..#.#
... .##....##.##.#
#.........#.#


You could see 3 gnolls.

Vanquished Creatures
  A gnoll (D:2)
  2 dart slugs
  3 endoplasms (D:1)
  5 goblins (D:1)
  3 hobgoblins (D:1)
  A quokka (D:1)
  A ball python (D:1)
  4 bats (D:1)
  2 frilled lizards (D:1)
  2 kobolds
  4 rats
28 creatures vanquished.

Notes
Turn   | Place    | Note
-------+----------+-------------------------------------------
     0 | D:1      | Hot the Minotaur Berserker began the quest for the Orb.
     0 | D:1      | Reached XP level 1. HP: 19/19 MP: 0/0
    16 | D:1      | Found Lumafa's Weapon Shoppe.
   169 | D:1      | Reached XP level 2. HP: 25/27 MP: 1/1
   787 | D:1      | Found a faded altar of an unknown god.
   820 | D:1      | Reached XP level 3. HP: 26/33 MP: 2/2
  1026 | D:2      | Reached ** piety under Trog
  1166 | D:2      | Slain by a gnoll

Illustrated notes

Levels and vault maps discovered:
D:1:      minmay_arrival_wavy_path, layout_rooms, ebering_ecumenical_altar_hall,
          serial_shops, nicolae_shop_waterfront, serial_curves, eino_curves_02,
          eino_curves_02, minivault_25
D:2:      layout_basic, uniq_sigmund, uniq_jessica, uniq_natasha,
          uniq_crazy_yiuf_cottage

Skill      XL: |  1  2 |
---------------+-------+-----
Fighting       | 4 |  4.2
Long Blades    | 4 |  4.3
Armour         | |  2.6
Dodging        | |  2.3
Stealth        | |  0.2

Action                   || total
-------------------------++-------
Melee: Falchion          ||    36
       Headbutt          ||     9
Invok: Trog's Hand       ||     1
Armor: Animal skin       ||     3
       Leather armour    ||     1
Dodge: Dodged            ||    36
       Rpst.: Falchion   ||     9

Table legend: (Time is in decaauts)
 A = Elapsed time spent in this place.
 B = Non-inter-level travel time spent in this place.
 C = Inter-level travel time spent in this place.
 D = Time resting spent in this place.
 E = Time spent auto-exploring this place.
 F = Levels seen in this place.
 G = Mean time per level.
                   A        B        C        D        E       F      G
               +--------+--------+--------+--------+--------+-----+--------+
         Total |   1169 |   1119 |     50 |      0 |    917 |   2 |  584.5 |
       Dungeon |   1169 |   1119 |     50 |      0 |    917 |   2 |  584.5 |
               +--------+--------+--------+--------+--------+-----+--------+

Top non-repeatable levels by time:
     D:1: 973 daAuts
     D:2: 195 daAuts
